 Dungeon Crawl Stone Soup version 0.21.1-1-g345015f (webtiles) character file.

190229 LostNumber the Executioner (level 17, 0/249 HPs)
             Began as a Minotaur Berserker on July 16, 2018.
             Was the Champion of Trog.
             Killed by divine providence
             ... invoked by a daeva
              (11 damage)
             ... on level 2 of the Abyss.
             The game lasted 00:53:03 (24824 turns).

LostNumber the Executioner (Minotaur Berserker)    Turns: 24824, Time: 00:53:03

Health: 0/249      AC: 30    Str: 33      XL:     17   Next: 53%
Magic:  17/17      EV: 15    Int:  1 (4)  God:    Trog [******]
Gold:   2123       SH:  4    Dex: 23      Spells: 16/16 levels left

rFire    . . .     SeeInvis +   W - +6 executioner's axe of Valour {elec, Str+4}
rCold    . . .     Gourm    .   (shield currently unavailable)
rNeg     . . .     Faith    .   O - +0 plate armour {rPois}
rPois    +         Spirit   .   (helmet restricted)
rElec    .         Reflect  .   s - +0 cloak of the Okapi {Dex+2 SInv}
rCorr    .         Harm     .   G - +1 pair of gloves {Dex+3}
MR       +....                  (no boots)
Stlth    ..........             U - amulet of regeneration
HPRegen  0.00/turn              T - ring of Robustness {AC+8}
MPRegen  0.15/turn              x - +3 ring of dexterity

@: berserking, glowing, drained, very quick
A: retaliatory headbutt, horns 2, talons 1, large bone plates 1, molten scales
1, deterioration 1, high mp 1, inhibited regeneration
}: 1/15 runes: serpentine
a: Berserk, Trog's Hand, Brothers in Arms, Burn Spellbooks, Renounce Religion


You were on level 2 of the Abyss.
You worshipped Trog.
Trog was exalted by your worship.
You were not hungry.

You visited 4 branches of the dungeon, and saw 25 of its levels.
You visited the Abyss 1 time.
You also visited: Labyrinth and Ice Cave.

You collected 2396 gold pieces.
You spent 273 gold pieces at shops.

Inventory:

Hand Weapons
 n - a +0 broad axe
 v - a +8 executioner's axe of venom
 W - the +6 executioner's axe of Valour (weapon) {elec, Str+4}
   (You found it on level 6 of the Lair of Beasts)

   Occasionally, upon striking a foe, it will discharge some electrical energy
   and cause terrible harm.
   It affects your strength (+4).
Armour
 d - +0 storm dragon scales
 s - the +0 cloak of the Okapi (worn) {Dex+2 SInv}
   (You acquired it on level 13 of the Dungeon)

   It affects your dexterity (+2).
   It lets you see invisible.
 D - a +1 pair of gloves of dexterity
 G - a +1 pair of gloves of dexterity (worn)
 K - +0 fire dragon scales
 O - a +0 plate armour of poison resistance (worn)
Jewellery
 u - a cursed amulet of inaccuracy {unknown}
 x - a +3 ring of dexterity (right hand)
 B - an uncursed amulet of guardian spirit {unknown}
 T - the ring of Robustness (left hand) {AC+8}
   (You found it in a labyrinth)

   [ring of protection]

   It affects your AC (+8).
 U - an amulet of regeneration (around neck)
Wands
 m - a wand of random effects (53)
 t - a wand of iceblast (26)
 y - a wand of flame (112)
 F - a wand of scattershot (7)
 I - a wand of clouds (8)
 L - a wand of acid (7)
 N - a wand of paralysis (12)
Scrolls
 a - a scroll of magic mapping
 e - 11 scrolls of teleportation
 h - 7 scrolls of identify
 i - 22 scrolls of remove curse
 k - 5 scrolls of enchant armour
 l - 6 scrolls of enchant weapon
 r - 4 scrolls of fear
 z - 4 scrolls of fog
Potions
 b - a potion of resistance {unknown}
 f - 4 potions of agility
 g - 3 potions of invisibility {unknown}
 j - 10 potions of haste
 o - 8 potions of heal wounds
 p - 3 potions of might
 q - 12 potions of flight {unknown}
 w - 2 potions of magic
 C - 12 potions of curing
 E - a potion of berserk rage {unknown}
 M - a potion of ambrosia {unknown}
 P - 3 potions of lignification {unknown}
 S - 2 potions of cancellation {unknown}
Books
 A - a book of Dreams

   Spells                             Type                      Level
   a - Ensorcelled Hibernation        Hexes/Ice                    2
   b - Borgnjor's Vile Clutch         Necromancy/Earth             5
   c - Silence                        Hexes/Air                    5
   d - Darkness                       Hexes                        6
   e - Shadow Creatures               Summoning                    6
   Trog disapproves of the use of such an item.
 H - a book of Debilitation

   Spells                             Type                      Level
   a - Corona                         Hexes                        1
   b - Slow                           Hexes                        2
   c - Inner Flame                    Hexes/Fire                   3
   d - Portal Projectile              Hexes/Translocation          3
   e - Cause Fear                     Hexes                        4
   f - Leda's Liquefaction            Hexes/Earth                  4
   Trog disapproves of the use of such an item.
Comestibles
 c - 51 rations
 J - a chunk of flesh


   Skills:
 + Level 18.6(17.6) Fighting
 * Level 24.5(23.3) Axes
 - Level 15.0(14.0) Armour
 - Level 9.6(8.8) Dodging
   Level 4.8(4.1) Shields


You had 16 spell levels left.
You didn't know any spells.

Dungeon Overview and Level Annotations

Branches:
Dungeon (14/15)            Temple (0/1) D:5            Lair (6/6) D:10
 Shoals (1/4) Lair:4        Snake (4/4) Lair:3        Slime (0/5) Lair:5
    Orc (0/2) D:10         Vaults (0/5) D:13

Altars:
Ashenzari
Cheibriados
Dithmenos
Elyvilon
Fedhas
Hepliaklqana
Kikubaaqudgha
Makhleb
Qazlal
Sif Muna
Trog
Vehumet
Wu Jian
Xom
The Shining One
Beogh
Jiyva

Shops:
D:7 ?(!   D:9 [   D:10 !

Portals:
Hell: Lair:6

Annotations:
D:4 exclusion: oklob plant
Lair:3 exclusion: oklob plant
Shoals:1 Louise


Innate Abilities, Weirdness & Mutations

You reflexively headbutt those who attack you in melee.
You have a pair of horns on your head.
You have sharp toenails.
You are partially covered in large bone plates. (SH +4)
You are partially covered in molten scales. (AC +2)
Your body sometimes deteriorates upon taking damage.
You have an increased reservoir of magic. (+10% MP)
You do not regenerate when monsters are visible.


Message History

You hear a bark!
The hellephant breathes flames at you. The blast of flame hits you!
* * * LOW HITPOINT WARNING * * *
You block the titan zombie's attack.
A starcursed mass splits.
You slash the titan zombie! You claw the titan zombie.
You headbutt the titan zombie!
The titan zombie is lightly damaged.
The daeva calls down the wrath of the Shining One upon you.
The Shining One smites you!
* * * LOW HITPOINT WARNING * * *
You chop the spatial maelstrom into pieces!!!
You claw the spatial maelstrom! You headbutt the spatial maelstrom!
The spatial maelstrom is almost destroyed.
You slice the titan zombie!!
You hear a bark! x2
The titan zombie hits you but does no damage.
The daeva calls down the wrath of the Shining One upon you.
The Shining One smites you!
You die...

#..## ... #...# #...
##....## . #.≈.##.
....# .. ≈......
....##...
##...3.##.#......
≈≈...h.X...A..... ...
#......X@v...§§... #
##......Z...... ...
≈≈.##.....#####..#...#
≈ ##....# ###......
##.Y†.#.#.#... .
##..... .......
##.#.... ......
##...... ......
#...... ... .


You could see a hellephant, 2 starcursed masses, a daeva, a spatial maelstrom, a
neqoxec, a hell hound and a titan zombie.

Vanquished Creatures
  A sphinx (D:14)
  2 revenants (Abyss:2)
  A storm dragon (D:14)
  A frost giant (IceCv)
  15 nagarajas
  Nessos (Lair:6)
  Azrael (Snake:1)
  A fire dragon (Lair:4)
  A minotaur (Lab)
  A yaktaur captain (D:13)
  Erolcha (D:12)
  3 slime creatures (D:13)
  4 hydras (D:14)
  14 naga warriors
  12 anacondas
  3 centaur warriors
  4 two-headed ogres
  A catoblepas (D:14)
  A death knight (D:14)
  An ogre mage (D:14)
  2 tengu warriors (D:14)
  6 shock serpents
  10 naga sharpshooters
  Sonja (Lair:3)
  4 salamander mystics
  A skeletal warrior (D:14)
  2 sixfirhies
  11 naga ritualists
  18 mana vipers
  A wizard (Lair:6)
  A phantasmal warrior (D:14)
  3 ugly things
  An oklob plant (Lair:4)
  13 salamanders
  A wolf spider (D:14)
  2 cyclopes
  A deep elf mage (D:12)
  3 manticores
  9 elephants
  A water nymph (Shoals:1)
  5 centaur zombies
  41 black mambas
  An orange demon (Lair:6)
  A merfolk siren (Shoals:1)
  A smoke demon (Lair:6)
  17 guardian serpents
  An ice statue (IceCv)
  A torpor snail (Lair:5)
  15 naga magi
  A gargoyle (D:12)
  8 spiny frogs
  5 rime drakes
  4 komodo dragons
  2 yaktaurs (D:13)
  2 ice devils (Lair:6)
  An ancient zyme (Abyss:2)
  A queen bee (D:14)
  4 trolls
  2 red devils (Lair:6)
  3 meliai (D:14)
  2 tengu conjurers (D:14)
  17 polar bears
  3 hornets
  6 dream sheep (Lair:5)
  10 blink frogs
  3 raiju (Abyss:2)
  A snapping turtle (Lair:4)
  9 hippogriffs
  2 redbacks (Lab)
  38 yaks
  3 wyverns
  2 ynoxinuls (Abyss:2)
  A wraith (D:14)
  A vampire (D:14)
  3 fire elementals (Snake:1)
  A yak (shapeshifter) (D:13)
  4 basilisks
  A large abomination (Abyss:2)
  3 neqoxecs (Abyss:2)
  53 nagas
  2 hungry ghosts
  A soldier ant (D:9)
  9 hell hounds
  2 acid dragons
  The ghost of lotte the Magician, an amateur DEEE (D:3)
  9 porcupines
  6 water moccasins
  9 orc warriors
  2 phantoms
  A swamp drake (D:10)
  3 ice beasts
  4 sky beasts
  An eye of draining (D:8)
  8 ogres
  17 wolves
  5 crocodiles
  13 centaurs
  A big kobold (D:11)
  2 gnoll sergeants
  13 bullfrogs
  A wyvern zombie (D:8)
  2 small abominations (Abyss:2)
  25 killer bees
  2 scorpions
  2 electric eels
  2 troll skeletons (Lab)
  4 wights (D:9)
  3 howler monkeys (D:13)
  9 crimson imps
  A bullfrog zombie (D:13)
  5 starcursed masses (Abyss:2)
  9 hounds
  A bullfrog skeleton (D:8)
  2 jellies
  12 orc priests
  22 orc wizards
  8 centaur skeletons
  8 worker ants
  3 iguanas
  Ijyb (D:4)
  Natasha (thrice) (D:3)
  2 hound zombies
  2 hound skeletons
  2 ogre skeletons (Lab)
  22 gnolls
  7 adders
  3 shadow imps
  12 white imps (D:11)
  2 oozes
  An adder skeleton (D:5)
  3 worms
  2 dart slugs
  10 leopard geckos
  91 orcs
  5 giant cockroaches
  8 goblins
  5 hobgoblins
  10 jackals
  8 kobolds
  8 quokkas
  7 bats
  4 frilled lizards
  4 hobgoblin zombies (D:5)
  A jackal skeleton (D:4)
  A kobold skeleton (D:5)
  2 kobold zombies (D:5)
  An orc skeleton (D:5)
  2 orc zombies (D:5)
  A quokka zombie (D:7)
  2 rats
  3 fungi
  A plant (Lair:5)
905 creatures vanquished.

Vanquished Creatures (collateral kills)
  7 hydras
  A tengu warrior (D:14)
  A deep elf mage (D:14)
  An elephant (Lair:2)
  A black mamba (Lair:6)
  A polar bear (Lair:6)
  A yak (Lair:6)
  A basilisk (D:14)
  A sky beast (D:14)
  A crocodile (Lair:6)
  A bullfrog (Lair:1)
  5 killer bees (D:14)
  An electric eel (Lair:3)
23 creatures vanquished.

Vanquished Creatures (others)
  A wretched star (Abyss:2)
  A smoke demon (Abyss:2)
  A neqoxec (Abyss:2)
  An eye of draining (Abyss:2)
  8 fungi
  8 plants
20 creatures vanquished.

Grand Total: 948 creatures vanquished

Notes
Turn   | Place    | Note
-------+----------+-------------------------------------------
     0 | D:1      | LostNumber the Minotaur Berserker began the quest for the Orb.
     0 | D:1      | Reached XP level 1. HP: 19/19 MP: 0/0
   180 | D:1      | Reached XP level 2. HP: 27/27 MP: 1/1
   210 | D:1      | Reached skill level 4 in Axes
   885 | D:2      | Reached XP level 3. HP: 33/33 MP: 2/2
   972 | D:2      | Reached ** piety under Trog
   972 | D:2      | Reached XP level 4. HP: 40/40 MP: 3/3
  1079 | D:2      | Found a stormy altar of Qazlal.
  1119 | D:2      | Reached skill level 5 in Axes
  1398 | D:3      | Reached XP level 5. HP: 47/47 MP: 4/4
  1445 | D:3      | Found a shattered altar of Ashenzari.
  1916 | D:3      | Noticed lotte's ghost (amateur DEEE)
  1923 | D:3      | Killed lotte's ghost
  1923 | D:3      | Reached skill level 5 in Fighting
  1923 | D:3      | Reached skill level 6 in Axes
  2032 | D:3      | Reached XP level 6. HP: 56/56 MP: 5/5
  2033 | D:3      | Noticed Natasha
  2035 | D:3      | Killed Natasha
  2069 | D:3      | Noticed Natasha
  2071 | D:3      | Killed Natasha
  2074 | D:3      | Noticed Natasha
  2083 | D:3      | Killed Natasha
  2247 | D:3      | Reached *** piety under Trog
  2553 | D:4      | Reached skill level 7 in Axes
  2940 | D:4      | Got a steaming chain mail
  2951 | D:4      | Identified the +4 chain mail of Gozag's Outrage {*Contam +Inv rElec Int+5} (You found it on level 4 of the Dungeon)
  2982 | D:4      | Found a radiant altar of Vehumet.
  2991 | D:4      | Found a hazy altar of Hepliaklqana.
  2995 | D:4      | Reached XP level 7. HP: 47/61 MP: 6/6
  3005 | D:4      | Reached skill level 5 in Armour
  3012 | D:4      | Found a bloodstained altar of Trog.
  3056 | D:4      | Noticed Ijyb
  3060 | D:4      | Killed Ijyb
  3158 | D:4      | Found a blossoming altar of Fedhas.
  3177 | D:4      | Noticed an oklob plant
  3652 | D:5      | Entered Level 5 of the Dungeon
  3695 | D:5      | Got a twisted fustibalus
  3696 | D:5      | Identified the +5 fustibalus of No More Talking {freeze, Fragile rElec rF++ Str+4} (You found it on level 5 of the Dungeon)
  3713 | D:5      | Found a staircase to the Ecumenical Temple.
  3723 | D:5      | Reached skill level 8 in Axes
  3870 | D:5      | Reached **** piety under Trog
  3871 | D:5      | Reached XP level 8. HP: 71/71 MP: 7/7
  3929 | D:5      | Found a glowing golden altar of the Shining One.
  4104 | D:5      | Reached skill level 9 in Axes
  4657 | D:6      | Found a glowing golden altar of the Shining One.
  4726 | D:6      | Found a snail-covered altar of Cheibriados.
  4767 | D:6      | Reached skill level 10 in Axes
  4820 | D:6      | Got an ancient scale mail
  4821 | D:6      | Identified the +1 scale mail of Dawn {rElec rPois rF++} (You found it on level 6 of the Dungeon)
  5161 | D:7      | Found Quek's Magic Scroll Shop.
  5175 | D:7      | Bought a scroll of teleportation for 39 gold pieces
  5175 | D:7      | Bought a scroll of fog for 26 gold pieces
  5175 | D:7      | Bought a scroll of noise for 13 gold pieces
  5189 | D:7      | Found Icsim's Antique Weapon Shoppe.
  5243 | D:7      | Reached ***** piety under Trog
  5283 | D:7      | Reached XP level 9. HP: 68/81 MP: 8/8
  5338 | D:7      | Found Xileclil's Distillery.
  5350 | D:7      | Bought a potion of magic for 120 gold pieces
  5350 | D:7      | Bought a potion of heal wounds for 75 gold pieces
  5361 | D:7      | Found an ancient bone altar of Kikubaaqudgha.
  5901 | D:8      | Reached skill level 11 in Axes
  5975 | D:8      | Noticed a two-headed ogre
  5985 | D:8      | Killed a two-headed ogre
  5987 | D:8      | Reached skill level 12 in Axes
  6080 | D:8      | Received a gift from Trog
  6098 | D:8      | Reached XP level 10. HP: 79/91 MP: 2/9
  6327 | D:8      | Found an ornate altar of the Wu Jian Council.
  6516 | D:9      | Noticed a two-headed ogre
  6521 | D:9      | Killed a two-headed ogre
  6561 | D:9      | Found Pijenn Qyrho's Antique Armour Shoppe.
  6618 | D:9      | Reached skill level 13 in Axes
  6671 | D:9      | Reached skill level 10 in Fighting
  7060 | D:9      | Found a white marble altar of Elyvilon.
  7124 | D:9      | Found a deep blue altar of Sif Muna.
  7234 | D:9      | Reached skill level 5 in Dodging
  7336 | D:10     | Entered Level 10 of the Dungeon
  7354 | D:10     | Noticed an elephant
  7377 | D:10     | Found a staircase to the Lair.
  7390 | D:10     | Killed an elephant
  7390 | D:10     | Reached skill level 14 in Axes
  7414 | D:10     | Found Etaing's Distillery.
  7456 | D:10     | Reached XP level 11. HP: 67/101 MP: 10/10
  7487 | D:10     | Found a roughly hewn altar of Beogh.
  7504 | D:10     | Received a gift from Trog
  7776 | D:10     | Noticed a two-headed ogre
  7786 | D:10     | Killed a two-headed ogre
  8318 | D:10     | Found a staircase to the Orcish Mines.
  8459 | Lair:1   | Entered Level 1 of the Lair of Beasts
  8668 | Lair:1   | Reached skill level 15 in Axes
  8678 | Lair:1   | Noticed a seven-headed hydra
  8697 | Lair:1   | Received a gift from Trog
  8697 | Lair:1   | Reached skill level 10 in Armour
  8919 | Lair:2   | Noticed a six-headed hydra
  8923 | Lair:2   | Killed a seven-headed hydra
  9036 | Lair:2   | Reached XP level 12. HP: 61/112 MP: 11/11
  9976 | Lair:3   | Found a staircase to the Snake Pit.
 10053 | Lair:3   | Noticed a six-headed hydra
 10064 | Lair:3   | Killed a six-headed hydra
 10161 | Lair:3   | Noticed Sonja
 10174 | Lair:3   | Killed Sonja
 10455 | Lair:3   | Reached skill level 16 in Axes
 11299 | Lair:4   | Noticed a fire dragon
 11416 | Lair:4   | Killed a fire dragon
 12473 | Lair:5   | Found a viscous altar of Jiyva.
 12474 | Lair:5   | Found a staircase to the Slime Pits.
 12584 | Lair:4   | Got a citrine-encrusted chain mail
 12669 | Lair:5   | Identified the cursed +0 chain mail "Decwism" {*Corrode rPois rC+} (You found it on level 4 of the Lair of Beasts)
 12818 | Lair:5   | Reached skill level 1 in Shields
 13001 | Lair:6   | Entered Level 6 of the Lair of Beasts
 13009 | Lair:6   | Reached skill level 17 in Axes
 13010 | Lair:6   | Noticed a seven-headed hydra
 13017 | Lair:6   | Reached XP level 13. HP: 119/119 MP: 12/12
 13160 | Lair:6   | Noticed Nessos
 13168 | Lair:6   | Killed Nessos
 14262 | Lair:6   | Received a gift from Trog
 14454 | Lair:6   | Found a burning altar of Makhleb.
 14474 | Lair:6   | Found a gateway to Hell.
 14487 | Lair:6   | Got a twisted executioner's axe
 14494 | Lair:6   | Identified the +6 executioner's axe of Valour {elec, Str+4} (You found it on level 6 of the Lair of Beasts)
 14610 | Lair:4   | Found a staircase to the Shoals.
 15262 | D:11     | Reached skill level 18 in Axes
 15339 | D:11     | Found a labyrinth entrance.
 15351 | Lab      | Entered a labyrinth
 15482 | Lab      | Noticed a minotaur
 15486 | Lab      | Killed a minotaur
 15491 | Lab      | Identified the Handbook of Moulding and Toxins
 15492 | Lab      | Found the ring of Robustness {AC+8}
 15492 | Lab      | Got a warped wooden ring
 15772 | D:11     | Found a frozen archway.
 15803 | IceCv    | Entered an ice cave
 15826 | IceCv    | Identified the cursed ring "Baczeadgh" {*Slow +Blink EV-3 Str+3 Int+8} (You found it in a labyrinth)
 15862 | IceCv    | Gained mutation: Armour fits poorly on your strangely shaped body. [mutagenic glow]
 15886 | IceCv    | Gained mutation: You are dopey. (Int -2) [mutagenic glow]
 16327 | IceCv    | Reached XP level 14. HP: 132/132 MP: 13/13
 16382 | IceCv    | Noticed a frost giant
 16392 | IceCv    | Killed a frost giant
 17133 | D:12     | Noticed Erolcha
 17139 | D:12     | Killed Erolcha
 17196 | D:12     | Reached skill level 19 in Axes
 17704 | D:13     | Identified a scroll of acquirement
 17705 | D:13     | Got a jewelled cloak
 17711 | D:13     | Identified the +0 cloak of the Okapi {Dex+2 SInv} (You acquired it on level 13 of the Dungeon)
 17722 | D:13     | Found a gate to the Vaults.
 18554 | D:14     | Reached skill level 15 in Fighting
 18590 | D:14     | Received a gift from Trog
 18630 | D:14     | Reached skill level 20 in Axes
 18643 | D:14     | Noticed a storm dragon
 18646 | D:14     | Noticed a sphinx
 18654 | D:14     | Killed a storm dragon
 18654 | D:14     | HP: 5/135 [sphinx/divine providence (13)]
 18737 | D:14     | Lost mutation: You are dopey. (Int -2) [potion of mutation]
 18737 | D:14     | Lost mutation: Armour fits poorly on your strangely shaped body. [potion of mutation]
 18737 | D:14     | Gained mutation: You are partially covered in molten scales. (AC +2) [potion of mutation]
 18737 | D:14     | Gained mutation: Scrolls take you a little longer to read. [potion of mutation]
 18737 | D:14     | Gained mutation: Your spells are a little harder to cast, but a little more powerful. [potion of mutation]
 18738 | D:14     | Lost mutation: Scrolls take you a little longer to read. [potion of mutation]
 18738 | D:14     | Lost mutation: Your spells are a little harder to cast, but a little more powerful. [potion of mutation]
 18738 | D:14     | Gained mutation: You have an increased reservoir of magic. (+10% MP) [potion of mutation]
 18738 | D:14     | Gained mutation: You are frail. (-10% HP) [potion of mutation]
 18738 | D:14     | Gained mutation: You are partially covered in large bone plates. (SH +4) [potion of mutation]
 18738 | D:14     | Gained mutation: You evolve. [potion of mutation]
 18739 | D:14     | Lost mutation: You are frail. (-10% HP) [potion of mutation]
 18739 | D:14     | Lost mutation: You evolve. [potion of mutation]
 18739 | D:14     | Lost mutation: You are partially covered in molten scales. (AC +2) [potion of mutation]
 18739 | D:14     | Gained mutation: You are partially covered in molten scales. (AC +2) [potion of mutation]
 18739 | D:14     | Gained mutation: Your body sometimes deteriorates upon taking damage. [potion of mutation]
 18739 | D:14     | Gained mutation: You have sharp toenails. [potion of mutation]
 18810 | D:14     | Identified the Tome of the Volcanoes and Good Luck
 18827 | D:14     | Killed a sphinx
 19001 | D:14     | Reached XP level 15. HP: 137/143 MP: 15/15
 19320 | D:14     | Reached skill level 21 in Axes
 19500 | D:14     | Received a gift from Trog
 19797 | Snake:1  | Entered Level 1 of the Snake Pit
 20105 | Snake:1  | Noticed Azrael
 20118 | Snake:1  | Killed Azrael
 20335 | Snake:1  | Noticed a nagaraja
 20340 | Snake:1  | Killed a nagaraja
 20923 | Snake:2  | Noticed a nagaraja
 20932 | Snake:2  | Killed a nagaraja
 20935 | Snake:2  | Received a gift from Trog
 21382 | Snake:2  | Noticed a nagaraja
 21388 | Snake:2  | Killed a nagaraja
 21388 | Snake:2  | Reached skill level 22 in Axes
 21584 | Snake:3  | Found a shimmering altar of Xom.
 21641 | Snake:3  | Found a shadowy altar of Dithmenos.
 21726 | Snake:3  | Reached XP level 16. HP: 154/154 MP: 16/16
 21979 | Snake:3  | Received a gift from Trog
 22089 | Snake:4  | Entered Level 4 of the Snake Pit
 22293 | Snake:4  | Reached ****** piety under Trog
 22648 | Snake:4  | Reached skill level 23 in Axes
 22855 | Snake:4  | Received a gift from Trog
 23092 | Snake:4  | Reached XP level 17. HP: 60/163 MP: 17/17
 23221 | Snake:4  | Reached skill level 15 in Armour
 23575 | Snake:4  | Reached skill level 24 in Axes
 23746 | Snake:4  | Received a gift from Trog
 24097 | Snake:4  | Got a serpentine rune of Zot
 24403 | Shoals:1 | Entered Level 1 of the Shoals
 24467 | Shoals:1 | Noticed Louise
 24486 | Shoals:1 | Cast into level 2 of the Abyss (Louise)
 24486 | Abyss:2  | Found a corrupted altar of Lugonu.
 24795 | Abyss:2  | Gained mutation: You do not regenerate when monsters are visible. [a neqoxec]
 24809 | Abyss:2  | Noticed a hellephant
 24811 | Abyss:2  | Paralysed by accursed screaming for 1 turns
 24823 | Abyss:2  | HP: 11/249 [daeva/divine providence (12)]
 24824 | Abyss:2  | Killed from afar by a daeva

Skill      XL: |  1  2  3  4  5  6  7  8  9 10 11 12 13 14 15 16 17 |
---------------+----------------------------------------------------+-----
Axes           | 4 5 6 7 8 10 12 14 15 17 18 20 22 23 24 | 24.5
Fighting       | 4 5 6 7 9 10 11 12 14 15 16 17 18 | 18.6
Armour         | 3 4 5 7 9 10 11 12 13 14 15 | 15.0
Dodging        | 5 7 9 |  9.6
Shields        | 1 4 |  4.8

Action                   |  1- 3 |  4- 6 |  7- 9 | 10-12 | 13-15 | 16-18 || total
-------------------------+-------+-------+-------+-------+-------+-------++-------
Melee: Hand axe          |    48 |   108 |    10 |       |       |       ||   166
       Headbutt          |     8 |    23 |    51 |   146 |   196 |   103 ||   527
       War axe           |       |       |   265 |   532 |   151 |       ||   948
       Executioner's axe |       |       |       |       |   559 |   317 ||   876
       Kick              |       |       |       |       |   109 |   149 ||   258
Invok: Berserk           |     2 |     3 |     4 |    12 |    14 |     4 ||    39
       Burn Spellbooks   |     1 |       |       |       |     3 |       ||     4
       Trog's Hand       |       |       |     1 |     3 |     2 |     1 ||     7
       Brothers in Arms  |       |       |       |     8 |     5 |       ||    13
 Abil: Evoke Flight      |       |       |       |     2 |       |       ||     2
Evoke: Wand              |       |       |       |     7 |     1 |       ||     8
  Use: Scroll            |       |       |     8 |     7 |     7 |       ||    22
       Potion            |       |       |       |     3 |     5 |     1 ||     9
 Stab: Paralysed         |       |       |       |       |     3 |       ||     3
       Distracted        |       |       |       |       |       |     2 ||     2
  Eat: Chunk             |     2 |     8 |    14 |    24 |    37 |     5 ||    90
       Ration            |       |       |     1 |     4 |     2 |     3 ||    10
Armor: Ring mail         |    10 |    28 |       |       |       |       ||    38
       Animal skin       |     2 |       |       |       |       |       ||     2
       Chain mail        |       |       |   139 |   233 |    75 |       ||   447
       Plate armour      |       |       |       |       |   319 |   202 ||   521
       Storm dragon scal |       |       |       |       |    70 |       ||    70
       Skin              |       |       |       |       |     1 |       ||     1
Dodge: Dodged            |    41 |    55 |   115 |   246 |   524 |   253 ||  1234
Block: Buckler           |       |       |       |    12 |    42 |       ||    54
       Other             |       |       |       |       |    37 |    66 ||   103
